 Dungeon Crawl Stone Soup version 0.31-a0-968-g24f9ace8b5 (webtiles) character file.

Game seed: 17413493632451079221

1426726 Midn8 the Storm Dragon (level 26, 250/250 HPs)
             Began as a Black Draconian Air Elementalist on Oct 27, 2023.
             Was the Champion of Ru.
             Escaped with the Orb
             ... and 3 runes on Oct 28, 2023!
             The game lasted 05:01:04 (101929 turns).

Midn8 the Storm Dragon (DrAE)                     Turns: 101929, Time: 05:01:04

Health: 250/250    AC: 29    Str: 14    XL:     26   Next: 86%
Magic:  30/46      EV: 10    Int: 36    God:    Ru [******]
Gold:   5554       SH: 31    Dex: 15    Spells: 27/64 levels left

rFire   + + .        b - +18 lance "Wyrmbane" {slay drac, rPois rF+ rC+ AC+3}
rCold   + . .        Y - +18 shield of the Gong {Loud rN+ Will+ rCorr EV-5}
rNeg    + . .        (body armour unavailable)
rPois   +            T - +2 hat {Will+}
rElec   +            D - +4 dragonskin cloak
rCorr   +            N - +3 pair of gauntlets of War {Slay+5}
SInv    .            v - +2 pair of boots {rampage}
Will    +++..        p - amulet of the Air {Inacc Air Fly rElec RMsl}
Stlth   +            V - ring "Unelibba" {Int+6 Slay+4}
HPRegen 0.61/turn    S - ring of Xom's Wantonness {rF+ EV+5 Dex+7}
MPRegen 0.30/turn

%: inaccuracy (-10), repel missiles, rampage
@: flying, studying 3 skills
A: breathe lightning, AC +12, unfitting armour, big wings, electricity
resistance, cold-blooded, hated by all, cowardly, inability to train dodging,
missing an eye, fangs 1, clever 1, clumsy 1, deterioration 1, strong 1
0: Orb of Zot
}: 3/15 runes: decaying, silver, gossamer
a: Breathe Lightning, Renounce Religion, Draw Out Power, Power Leap, Apocalypse


You escaped.
You worshipped Ru.
Ru was exalted by your worship.
You visited 10 branches of the dungeon, and saw 50 of its levels.
You also visited: Ice Cave, Volcano and Desolation.

You collected 10487 gold pieces.
You spent 4933 gold pieces at shops.

Inventory:

Hand Weapons
 a - the +6 Majin-Bo {spellvamp, MP+6 Int+6}
   (You bought it in a shop on level 1 of the Orcish Mines)

   Int+6:     It affects your intelligence (+6).
   MP+6:      It affects your magic capacity (+6).
 b - the +18 lance "Wyrmbane" (weapon) {slay drac, rPois rF+ rC+ AC+3}
   (You took it off Maggie on level 6 of the Dungeon)

   AC+3:      It affects your AC (+3).
   rF+:       It protects you from fire.
   rC+:       It protects you from cold.
   rPois:     It protects you from poison
Missiles
 A - 8 throwing nets
 H - a curare-tipped dart
 J - 58 poisoned darts
Armour
 v - a +2 pair of boots of rampaging (worn)
 D - the +4 dragonskin cloak (worn)
   (You took it off Tiamat on level 3 of the Realm of Zot)

   Avatar's Aegis: It grants the wearer a chance to resist fire, cold, poison,
   electricity, acid, and negative energy.
 N - the +3 pair of gauntlets of War (worn) {Slay+5}
   (You acquired it on level 13 of the Dungeon)

   Slay+5:    It affects your accuracy & damage with ranged weapons and melee
   (+5).
 T - a +2 hat of willpower (worn)
 Y - the +18 shield of the Gong (worn) {Loud rN+ Will+ rCorr EV-5}
   (You found it in an ice cave)

   Loud:      It is deafeningly noisy when blocking attacks.
   EV-5:      It affects your evasion (-5).
   rN+:       It protects you from negative energy.
   Will+:     It increases your willpower.
   rCorr:     It protects you from acid and corrosion.
Jewellery
 o - a ring of wizardry
 p - the amulet of the Air (around neck) {Inacc Air Fly rElec RMsl}
   (You bought it in a shop on level 9 of the Dungeon)

   [amulet of nothing]

   Inacc:     It reduces the accuracy of your attacks and spells.
   Air:       It enhances your air magic.
   rElec:     It insulates you from electricity.
   Fly:       It grants you flight.
   RMsl:      It protects you from missiles.
 q - the ring of the Hare {EV+10}
   (You found it on level 5 of the Vaults)

   [ring of evasion]

   EV+10:     It affects your evasion (+10).
 x - the ring of Uqonn {+Blink AC+4}
   (You took it off a deep elf pyromancer on level 3 of the Elven Halls)

   [ring of protection]

   AC+4:      It affects your AC (+4).
   +Blink:    It lets you blink.
 I - the ring "Roucw" {+Blink rF+ Will+ Str+2 Slay+3}
   (You found it in the Desolation of Salt)

   [ring of protection from fire]

   Str+2:     It affects your strength (+2).
   Slay+3:    It affects your accuracy & damage with ranged weapons and melee
   (+3).
   rF+:       It protects you from fire.
   Will+:     It increases your willpower.
   +Blink:    It lets you blink.
 S - the ring of Xom's Wantonness (right hand) {rF+ EV+5 Dex+7}
   (You took it off a deep elf zephyrmancer on level 3 of the Elven Halls)

   [ring of evasion]

   EV+5:      It affects your evasion (+5).
   Dex+7:     It affects your dexterity (+7).
   rF+:       It protects you from fire.
 V - the ring "Unelibba" (left hand) {Int+6 Slay+4}
   (You bought it in a shop on level 9 of the Dungeon)

   [ring of intelligence]

   Int+6:     It affects your intelligence (+6).
   Slay+4:    It affects your accuracy & damage with ranged weapons and melee
   (+4).
Wands
 h - a wand of paralysis (77)
 m - a wand of mindburst (46)
 t - a wand of roots (75)
 B - a wand of digging (20)
 G - a wand of polymorph (37)
 K - a wand of acid (32)
Scrolls
 c - 26 scrolls of teleportation
 i - 6 scrolls of fog
 l - 7 scrolls of immolation
 u - 9 scrolls of amnesia
 y - 3 scrolls of torment
 F - 7 scrolls of revelation
 O - 6 scrolls of poison
 P - 5 scrolls of vulnerability
 U - 4 scrolls of silence
 W - 4 scrolls of fear
 Z - 7 scrolls of blinking
Potions
 d - 10 potions of brilliance
 e - 15 potions of ambrosia
 f - 28 potions of curing
 g - 4 potions of invisibility
 j - 18 potions of haste
 k - 4 potions of might
 n - 11 potions of mutation
 r - 7 potions of resistance
 s - 6 potions of lignification
 w - 4 potions of berserk rage
 z - 13 potions of enlightenment
 E - 6 potions of magic
 L - 16 potions of heal wounds
 M - 7 potions of attraction
 Q - 6 potions of cancellation
Miscellaneous
 C - a condenser vane
 R - a phial of floods
 X - a lightning rod (4/4)


   Skills:
 + Level 23.1 Fighting
 - Level 4.0 Long Blades
 - Level 12.0 Polearms
 - Level 1.7 Stealth
 - Level 15.0 Shields
 - Level 19.7 Spellcasting
 - Level 26.0 Conjurations
 O Level 27 Air Magic
 - Level 9.0 Evocations


You had 27 spell levels left.
You knew the following spells:

 Your Spells              Type           Power      Damage    Failure   Level
a - Arcjolt               Conj/Air       74%        1d84      0%          5
b - Conjure Ball Lightni  Conj/Air       74%        3x3d27    0%          6
c - Chain Lightning       Conj/Air       74%        3d98      3%          9
d - Orb of Destruction    Conj           61%        9d15      1%          7
p - Apportation           Tloc           70%        N/A       1%          1
r - Airstrike             Air            74%        2d(11-27) 0%          4
s - Static Discharge      Conj/Air       100%       3-8/arc   0%          2
S - Swiftness             Air            100%       N/A       0%          3

Your spell library contained the following spells:

 Spells                   Type           Power      Damage    Failure   Level
 Foxfire                  Conj/Fire      100%       2x1d9     0%          1
 Magic Dart               Conj           100%       1d8       0%          1
 Shock                    Conj/Air       100%       1d9       0%          1
 Searing Ray              Conj           100%       2d8       0%          2
 Mephitic Cloud           Conj/Pois/Air  100%       N/A       0%          3
 Iskenderun's Battlesphe  Conj           100%       2d15      0%          5
 Freeze                   Ice            100%       1d10      1%          1
 Necrotise                Necr           100%       1d9       1%          1
 Sandblast                Erth           70%        2d15      1%          1
 Cigotuvi's Dreadful Rot  Necr/Pois/Air  100%       N/A       1%          2
 Dazzling Flash           Conj/Hex       100%       N/A       1%          3
 Hailstorm                Conj/Ice       92%        3d18      1%          3
 Stone Arrow              Conj/Erth      100%       3d13      1%          3
 Brom's Barrelling Bould  Conj/Erth      92%        2d10      1%          4
 Fulminant Prism          Conj/Hex       46%        3d21      1%          4
 Sticky Flame             Conj/Fire      92%        2d10      1%          4
 Vhi's Electric Charge    Tloc/Air       100%       N/A       1%          4
 Fireball                 Conj/Fire      46%        3d18      1%          5
 Irradiate                Conj/Tmut      46%        3d27      1%          5
 Silence                  Hex/Air        57%        N/A       1%          5
 Bombard                  Conj/Erth      46%        9d8       1%          6
 Plasma Beam              Fire/Air       57%        2x1d73    1%          6
 Starburst                Conj/Fire      46%        6d13      1%          6
 Blink                    Tloc           70%        N/A       2%          2
 Ensorcelled Hibernation  Hex/Ice        70%        N/A       2%          2
 Lesser Beckoning         Tloc           70%        N/A       2%          2
 Passwall                 Tmut/Erth      29%        N/A       2%          2
 Sublimation of Blood     Necr           35%        N/A       2%          2
 Wereblood                Tmut           35%        N/A       2%          2
 Frozen Ramparts          Ice            70%        1d11      4%          3
 Gell's Gravitas          Tloc           35%        N/A       4%          3
 Ignite Poison            Fire/Tmut/Pois 35%        N/A       4%          3
 Inner Flame              Hex/Fire       35%        N/A       4%          3
 Ozocubu's Armour         Ice            35%        N/A       4%          3
 Sigil of Binding         Hex            35%        N/A       4%          3
 Teleport Other           Tloc           35%        N/A       4%          3
 Volatile Blastmotes      Fire/Tloc      70%        2d15      4%          3
 Anguish                  Hex/Necr       17%        N/A       16%         4
 Cause Fear               Hex            17%        N/A       16%         4
 Dimensional Bullseye     Hex/Tloc       17%        N/A       16%         4
 Dispel Undead            Necr           35%        3d15      16%         4
 Leda's Liquefaction      Hex/Erth       17%        N/A       16%         4
 Manifold Assault         Tloc           35%        N/A       16%         4
 Olgreb's Toxic Radiance  Pois           35%        N/A       16%         4
 Passage of Golubria      Tloc           35%        N/A       16%         4
 Agony                    Necr           35%        N/A       38%         5
 Alistair's Intoxication  Tmut/Pois      23%        N/A       38%         5
 Borgnjor's Vile Clutch   Necr/Erth      17%        N/A       38%         5
 Lee's Rapid Deconstruct  Erth           17%        3d11*     38%         5
 Metabolic Englaciation   Hex/Ice        17%        N/A       38%         5
 Yara's Violent Unravell  Hex/Tmut       17%        3d8       38%         5
 Lehudib's Crystal Spear  Conj/Erth      46%        10d11     43%         8
 Eringya's Noxious Bog    Tmut/Pois      17%        4d6       93%         6
 Enfeeble                 Hex            17%        N/A       100%        7
 Borgnjor's Revivificati  Necr           17%        N/A       100%        8
 Discord                  Hex            17%        N/A       100%        8
 Ignition                 Fire           17%        3d7       100%        8
 Death's Door             Necr           17%        N/A       100%        9
 Fire Storm               Conj/Fire      46%        8d12      100%        9
 Polar Vortex             Ice            17%        12d2*     100%        9
 Shatter                  Erth           17%        3d16*     100%        9
 Summon Small Mammal      Summ           Unusable   N/A       N/A         1
 Summon Lightning Spire   Summ/Air       Unusable   N/A       N/A         4
 Call Imp                 Summ           Unusable   N/A       N/A         2
 Call Canine Familiar     Summ           Unusable   N/A       N/A         3
 Tukima's Dance           Hex            Unusable   N/A       N/A         3
 Spellforged Servitor     Conj/Summ      Unusable   N/A       N/A         7
 Animate Armour           Summ/Erth      Unusable   N/A       N/A         4
 Summon Ice Beast         Ice/Summ       Unusable   N/A       N/A         4
 Summon Forest            Summ/Tloc      Unusable   N/A       N/A         5
 Simulacrum               Ice/Necr       Unusable   N/A       N/A         6
 Haunt                    Necr/Summ      Unusable   N/A       N/A         7
 Malign Gateway           Summ/Tloc      Unusable   N/A       N/A         7
 Summon Hydra             Summ           Unusable   N/A       N/A         7
 Infestation              Necr           Unusable   N/A       N/A         8

Dungeon Overview and Level Annotations

Branches:
Dungeon (15/15)            Temple (0/1) D:7            Lair (5/5) D:10
  Swamp (4/4) Lair:3       Spider (4/4) Lair:3        Slime (0/5) Lair:5
    Orc (2/2) D:12            Elf (3/3) Orc:2        Vaults (5/5) D:14
  Crypt (3/3) Vaults:3       Tomb (0/3) Crypt:3      Depths (4/4) D:15
    Zot (5/5) Depths:4      IceCv (visited)         Volcano (visited)
Desolation (visited)

Altars:
Cheibriados
Dithmenos
Elyvilon
Kikubaaqudgha
Nemelex Xobeh
Okawaru
Ru
Uskayaw
Vehumet
Xom
Zin
The Shining One

Shops:
D:6 :   D:7 [   D:9 =[=(   Orc:1 *   Orc:2 *:[?(   Elf:1 [:==[   Elf:2 !
Vaults:4 !   Depths:1 *

Portals:
Hell: Depths:1 Depths:2 Depths:3 Depths:4
Abyss: Depths:1 Depths:3 Depths:4
Pandemonium: Depths:2
Ziggurat: Depths:2

Annotations:
D:10 2 transporters, olddryhag's ghost, journeyman MiFi
Spider:1 2 runed translucent doors, IdlyInterested's ghost, adept DsFi
Elf:1 3 runed translucent doors, R007833r's ghost, adept MiBe
Elf:2 3 runed translucent doors
Vaults:1 1 runed translucent door, exclusions: 2 crystal guardians, door and peacekeeper, Asumeq's ghost, veteran GrFi
Depths:1 2 transporters, Quunad Xielu's ghost, adept MiFi
Zot:5 3 runed translucent doors, jejorda2's ghost, legendary GnBe


Innate Abilities, Weirdness & Mutations

You can breathe wild blasts of lightning.
Your glossy black scales are hard. (AC +12)
You cannot fit into any form of body armour.
Your large and strong wings let you fly.
You are resistant to electric shocks. (rElec)
You are cold-blooded and may be slowed by cold attacks.
You are hated by all.
Your cowardice makes you less effective in combat with threatening foes.
You cannot train Dodging skill.
You are missing an eye, making it more difficult to aim.
You have very sharp teeth.
Your mind is acute. (Int +4, Str/Dex -1)
You are clumsy. (Dex -2)
Your body sometimes deteriorates upon taking damage.
Your muscles are strong. (Str +4, Int/Dex -1)


Message History

There is an escape hatch in the floor here.
HP restored.
There is a stone staircase leading up here.
There is a stone staircase leading up here.
You fly upwards.
Magic restored.
There is a stone staircase leading down here.
There is a stone staircase leading up here.
You fly upwards.
There is a stone staircase leading down here.
There is a stone staircase leading up here.
You fly upwards.
There is a stone staircase leading down here.
A reaper comes into view.
It is wielding a +0 scythe of protection.
There is a stone staircase leading up here.
You fly upwards.
There is a stone staircase leading down here.
(D) Dungeon (T) Temple (L) Lair (S) Swamp (N) Spider Nest (M) Slime Pits (O) Orcish Mines (E) Elven Halls (V) Vaults (C) Crypt (W) Tomb (U) Depths (H) Hell (Z) Zot
Where to? (Tab/Enter - D:1 @ (x,y), ? - help)
A hell beast comes into view.
The hell beast moves out of view.
An Orb Guardian comes into view.
Casting: Chain Lightning (dangerous; 3% risk of failure)
Confirm with . or Enter, or press ? or * to list all spells.
You feel a surge of power! Lightning arcs from your hands!
The bolt of lightning hits the Orb Guardian!!!!!
You kill the Orb Guardian!
The bolt of lightning hits you but does no damage.
Unknown command.
Casting: Chain Lightning (dangerous; 3% risk of failure)
Confirm with . or Enter, or press ? or * to list all spells.
You feel a surge of power! Lightning arcs from your hands!
The bolt of lightning hits the hell beast!!!!!
You kill the hell beast!
The bolt of lightning hits you but does no damage.
Unknown command.
There is a staircase leading out of the dungeon here.
You have escaped!

...)........# #.# #.#
..#####.....###### #.# #.# ..#
#......2....# #.#####.# ..#
##.########.########.......#
..#####.#≈≈≈≈≈≈≈.≈≈≈≈≈≈≈#########
'##.....#≈≈≈≈≈.....≈≈≈≈≈# #
.######.#≈≈....~~~....≈≈# # .#
#.#≈...~~~.~~~.(.≈# # .#
##.....~~~.@..~~..≈# ## .#
#..#≈...~~~.~~~...≈# #.
'#####.##≈≈....~~~....≈≈# #.
.....#.##≈≈≈≈≈.....≈≈≈≈≈# #.
.....#.##≈≈≈≈≈≈≈≈≈≈≈≈≈≈≈# #.
.....#.#########################.
.......# #.......................
.....#.# #########.##############
.....#.# #.# ###########


There were no monsters in sight!

Vanquished Creatures
  Tiamat (Zot:3)
  An ancient lich (Zot:5)
  6 dread liches
  3 orbs of fire
  A juggernaut (Depths:2)
  Sojobo (Vaults:4)
  Josephina (Zot:1)
  4 Killer Klowns
  Xtahua (Vaults:2)
  the Lernaean hydra (Swamp:4)
  A curse toe (Zot:3)
  Saint Roka (Depths:4)
  A profane servitor (Crypt:3)
  A golden dragon (shapeshifter) (Vaults:5)
  11 golden dragons
  the Enchantress (Depths:3)
  A bone dragon (Crypt:3)
  A spectral shard shrike (Crypt:3)
  A Tzitzimitl (D:12)
  11 tentacled monstrosities
  Rupert (D:13)
  Jorgrun (D:14)
  An electric golem (Zot:5)
  An Ice Fiend (D:14)
  Mlioglotl (Swamp:3)
  Asterion (Spider:4)
  5 liches
  21 Orb Guardians
  A quicksilver dragon (shapeshifter) (Vaults:3)
  3 deep elf master archers (Elf:3)
  A deep elf blademaster (Elf:3)
  2 quicksilver dragons
  6 titans (Vaults:5)
  10 sphinxes
  14 death cobs
  Frances (D:12)
  5 ancient champions
  Gastronok (Lair:2)
  14 storm dragons
  5 tengu reavers
  6 draconian monks
  Roxanne (Spider:1)
  Donald (Swamp:4)
  Kirke (D:12)
  12 shadow dragons
  5 revenants
  2 fenstrider witches
  7 emperor scorpions
  2 imperial myrmidons (Desolation)
  13 fire giants
  3 iron dragons
  9 deep elf sorcerers
  9 frost giants
  13 vault wardens
  8 deep elf elementalists
  9 draconian knights
  9 ghouls
  9 draconian scorchers
  A curse skull (Crypt:3)
  6 draconian shifters
  5 draconian stormcallers
  6 ghost moths
  4 draconian annihilators
  2 formless jellyfish
  An orc warlord (Vaults:3)
  5 spriggan defenders
  14 ironbound preservers
  A reaper (Crypt:2)
  A juggernaut skeleton (Crypt:3)
  13 very ugly things
  14 stone giants
  4 war gargoyles
  6 eleionomae
  5 vampire knights
  A broodmother (Spider:2)
  13 ironbound thunderhulks
  17 green draconians
  5 deep elf demonologists
  12 dire elephants
  16 purple draconians
  11 red draconians
  16 black draconians
  A spark wasp (Spider:2)
  15 yellow draconians
  A bunyip (Swamp:2)
  10 deep elf annihilators (Elf:3)
  10 white draconians
  14 ettins
  10 deep elf death magi
  2 crystal guardians (Desolation)
  10 yaktaur captains
  9 deep elf high priests
  5 entropy weavers
  2 ragged hierophants (Desolation)
  9 fire dragons
  22 hydras
  3 hell beasts
  3 ice dragons
  5 rakshasas
  3 salamander tyrants (Depths:3)
  17 jiangshi
  34 vault guards
  5 great orbs of eyes
  2 jorogumos (Spider:3)
  3 boulder beetles
  5 servants of whispers (Desolation)
  14 centaur warriors
  2 ghost crabs (Swamp:3)
  7 spriggan air magi
  7 peacekeepers
  3 radroaches
  An ogre mage (Vaults:5)
  11 ironbound frosthearts
  A merfolk aquamancer (Depths:3)
  6 death knights
  12 two-headed ogres
  6 alligators
  An anaconda (shapeshifter) (Vaults:5)
  16 dancing weapons
  4 vampire magi
  10 deep troll shamans
  7 deep troll earth magi
  6 tengu warriors
  An orc high priest (Orc:1)
  6 death scarabs (Spider:4)
  13 demonic crawlers
  2 death yaks (Lair:5)
  4 hell hogs (D:12)
  An occultist (Depths:1)
  7 spriggan berserkers
  A titan zombie (Crypt:1)
  2 hell knights
  14 deep elf knights
  4 skysharks
  15 spriggans
  3 shadow wraiths (Crypt:3)
  11 iron trolls
  41 skeletal warriors
  A salamander mystic (Volcano)
  2 skysharks (shapeshifter)
  4 spriggan druids
  A titan skeleton (Crypt:1)
  4 flayed ghosts
  A spark wasp zombie (Depths:1)
  8 goliath frogs
  13 orb spiders
  7 pharaoh ants
  2 shadow demons
  56 deep trolls
  5 bog bodies (Swamp:1)
  4 glowing orange brains
  8 necromancers
  2 wolf spider zombies (Spider:4)
  10 phantasmal warriors
  12 deep elf archers
  A spectral jorogumo (Spider:4)
  3 spectral wolf spiders (Spider:4)
  12 swamp dragons
  3 orc knights (Orc:2)
  26 ironbound convokers
  2 oklob plants
  7 arcanists
  5 steelbarb worms
  A bunyip skeleton (Crypt:1)
  31 deep elf pyromancers
  23 deep elf zephyrmancers
  8 lindwurms
  An iron dragon zombie (Crypt:2)
  A harpy (Vaults:1)
  20 wolf spiders
  3 orc sorcerers (Orc:1)
  2 shining eyes (shapeshifter)
  5 salamanders
  A stone giant zombie (Vaults:4)
  29 ugly things
  4 manticores
  3 cyclopes
  A fire giant zombie (Vaults:3)
  2 will-o-the-wisps
  31 moths of wrath
  15 elephants
  2 jorogumo skeletons
  A formless jellyfish zombie (Crypt:1)
  6 black mambas
  A frost giant skeleton (Depths:1)
  Maurice (D:9)
  A fire giant skeleton (Depths:1)
  4 guardian serpents (Desolation)
  A stone giant skeleton (Crypt:1)
  9 torpor snails
  2 ice statues (IceCv)
  2 centaur zombies
  2 gargoyles
  A yaktaur zombie (Vaults:4)
  A black mamba (shapeshifter) (Vaults:5)
  22 vault sentinels
  A storm dragon simulacrum (Zot:1)
  A dire elephant skeleton (Crypt:3)
  14 cane toads
  7 unseen horrors (Depths:3)
  Maggie (D:6)
  4 large abominations
  3 molten gargoyles
  A grey draconian zombie (Crypt:1)
  A yaktaur (shapeshifter) (Elf:3)
  4 spectral redbacks (Spider:4)
  A black draconian zombie (Crypt:1)
  2 centaur skeletons (D:15)
  A redback zombie (Spider:4)
  15 komodo dragons
  7 freezing wraiths
  A human zombie (Vaults:4)
  A ghost moth simulacrum (Zot:1)
  2 kobold demonologists
  30 yaktaurs
  3 rime drakes
  A queen bee (Lair:3)
  A yellow draconian skeleton (Crypt:2)
  2 dryads (Depths:3)
  6 tengu conjurers
  4 meliai
  6 trolls
  A merfolk (shapeshifter) (Vaults:5)
  A catoblepas skeleton (Crypt:1)
  A great orb of eyes zombie (Crypt:2)
  A bloated husk (Swamp:1)
  12 tyrant leeches
  14 polar bears
  2 wolf spider simulacra (D:15)
  A tyrant leech (shapeshifter) (Vaults:5)
  5 glass eyes
  3 spectral culicivoras (Spider:4)
  A culicivora zombie (Spider:4)
  43 saltlings (Desolation)
  A spectral jumping spider (Spider:4)
  17 hornets
  A glass eye (shapeshifter) (Vaults:5)
  5 spectral tarantellas (Spider:4)
  20 blink frogs
  32 tarantellas
  20 slime creatures
  A raiju (shapeshifter) (Depths:3)
  An ettin zombie (Vaults:4)
  A jumping spider (shapeshifter) (D:14)
  A jumping spider zombie (Spider:4)
  A guardian serpent zombie (Crypt:1)
  46 jumping spiders
  An air elemental (Elf:1)
  2 centaur simulacra (D:14)
  3 shadows (Crypt:3)
  18 culicivoras
  55 flying skulls
  3 wyverns
  An elf zombie (Vaults:4)
  An ettin skeleton (Vaults:3)
  A vampire (D:12)
  7 water elementals
  18 wraiths
  4 hogs (D:12)
  3 basilisks
  2 fire bats (Volcano)
  A fire elemental (Elf:2)
  20 humans
  74 yaks
  A chaos spawn (Depths:3)
  A death yak simulacrum (IceCv)
  45 redbacks
  7 vampire mosquitoes
  2 steam dragons
  9 wargs
  18 swamp worms
  A cane toad zombie (Crypt:2)
  Duvessa (D:6)
  18 water moccasins
  2 acid dragons
  15 hell hounds (Lair:5)
  2 moth of wrath simulacra (Zot:1)
  A cane toad skeleton (Crypt:1)
  7 swamp drakes
  A sky beast (D:8)
  2 ice beasts
  33 orc warriors
  6 ogres
  13 black bears
  A deep troll simulacrum (Vaults:3)
  10 small abominations
  18 centaurs
  25 wolves
  16 bullfrogs
  4 kobold brigands
  3 earth elementals
  6 necrophages
  3 scorpions
  3 gnoll sergeants
  4 wights (D:8)
  A wyvern skeleton (Crypt:2)
  A troll zombie (Crypt:1)
  A warg zombie (Crypt:2)
  Dowan (D:6)
  2 elephant simulacra (IceCv)
  24 killer bees
  5 electric eels
  A howler monkey (D:9)
  8 lava snakes (Volcano)
  2 hounds
  A jelly (D:7)
  A gnoll bouda (D:6)
  15 orc priests
  3 sleepcaps
  16 orc wizards
  2 iguanas
  4 spriggan simulacra (D:12)
  A troll simulacrum (D:12)
  2 wolf simulacra
  A polar bear simulacrum (D:12)
  A tengu skeleton (Crypt:2)
  7 adders
  22 gnolls
  A naga simulacrum (D:12)
  A shadow imp (D:7)
  2 white imps
  2 ufetubi (D:6)
  A worm (D:2)
  2 dart slugs
  64 orcs
  3 bats (D:2)
  3 endoplasms
  4 hobgoblins
  18 kobolds
  3 quokkas
  4 ball pythons
  2 frilled lizards (D:1)
  5 goblins
  A quokka zombie (Crypt:1)
  7 rats
  16 butterflies (Zot:1)
2423 creatures vanquished.

Vanquished Creatures (collateral kills)
  82 ball lightnings
82 creatures vanquished.

Vanquished Creatures (others)
  A golden dragon (Depths:3)
  An Orb Guardian (Zot:5)
  A fire giant (Depths:2)
  2 draconian knights
  A stone giant (Depths:2)
  A black draconian (Zot:3)
  A red draconian (Zot:5)
  A purple draconian (Depths:4)
  A spriggan air mage (Depths:2)
  A dancing weapon (Elf:1)
  A deep troll shaman (Depths:3)
  A deep elf knight (Elf:1)
  A deep elf archer (Elf:2)
  A bog body (Swamp:1)
  A deep elf zephyrmancer (Elf:1)
  An elephant (Lair:2)
  A molten gargoyle (Volcano)
  A troll (D:13)
  A bloated husk (Swamp:2)
  An air elemental (Elf:1)
  A spriggan (Depths:3)
  2 water elementals (Elf:1)
  An orc warrior (D:12)
  2 centaurs
  2 orcs (Orc:1)
  2234 ball lightnings
  6 foxfires
2269 creatures vanquished.

Grand Total: 4774 creatures vanquished

Notes
Turn   | Place    | Note
-------+----------+-------------------------------------------
     0 | D:1      | Midn8 the Draconian Air Elementalist began the quest for
                  | the Orb.
     0 | D:1      | Reached XP level 1. HP: 14/14 MP: 3/3
   558 | D:1      | Reached XP level 2. HP: 20/20 MP: 1/5
   905 | D:2      | Learned a level 2 spell: Static Discharge
  1176 | D:2      | Reached XP level 3. HP: 26/26 MP: 3/7
  1858 | D:2      | Reached XP level 4. HP: 33/33 MP: 6/10
  2886 | D:4      | Reached XP level 5. HP: 35/38 MP: 5/11
  2918 | D:4      | Reached skill level 4 in Air Magic
  3196 | D:5      | Entered Level 5 of the Dungeon
  3226 | D:5      | Found a sacrificial altar of Ru.
  3231 | D:5      | Became a worshipper of Ru the Awakened
  3268 | D:5      | Reached skill level 5 in Air Magic
  3350 | D:5      | Reached XP level 6. HP: 40/45 MP: 7/12
  3650 | D:5      | Found a snail-covered altar of Cheibriados.
  3650 | D:5      | Found a shimmering altar of Xom.
  3666 | D:5      | Reached skill level 6 in Air Magic
  3710 | D:5      | Learned a level 3 spell: Swiftness
  3715 | D:5      | Learned a level 4 spell: Airstrike
  3721 | D:5      | Noticed a water moccasin
  3725 | D:5      | Killed a water moccasin
  3852 | D:5      | Identified the +4 long sword of Distant Shores {freeze,
                  | Will+}
  4024 | D:5      | Your scales start taking on a glossy black colour.
  4024 | D:5      | Reached skill level 8 in Air Magic
  4024 | D:5      | Reached XP level 7. HP: 50/50 MP: 13/13
  4024 | D:5      | Gained mutation: You are resistant to electric shocks.
                  | (rElec) [Black Draconian growth]
  4058 | D:5      | Reached skill level 1 in Fighting
  4743 | D:6      | Noticed Duvessa
  4749 | D:6      | Noticed Dowan
  4767 | D:6      | Killed Duvessa
  4769 | D:6      | Killed Dowan
  4770 | D:6      | Reached skill level 9 in Air Magic
  5026 | D:6      | Reached XP level 8. HP: 60/66 MP: 7/14
  5277 | D:6      | Found Douw's Book Shoppe.
  5277 | D:6      | Noticed a walking earthen tome
  5294 | D:6      | Reached skill level 10 in Air Magic
  5371 | D:6      | Reached skill level 5 in Fighting
  5565 | D:6      | Reached skill level 1 in Long Blades
  5619 | D:6      | Noticed a walking crystal tome
  5643 | D:6      | Gained mutation: Your cowardice makes you less effective in
                  | combat with threatening foes. [Ru sacrifice]
  5643 | D:6      | Reached * piety under Ru
  6017 | D:6      | Noticed Maggie
  6123 | D:7      | Found a staircase to the Ecumenical Temple.
  6320 | D:7      | Found Inki's Armour Boutique.
  6714 | D:7      | Reached XP level 9. HP: 38/79 MP: 12/15
  7227 | D:7      | Found a blossoming altar of Fedhas.
  8045 | D:8      | Found a sparkling altar of Nemelex Xobeh.
  8045 | D:8      | Found a glowing golden altar of the Shining One.
  8116 | D:8      | Reached skill level 5 in Spellcasting
  8176 | D:8      | Found a white marble altar of Elyvilon.
  8356 | D:8      | Found a hide-covered altar of Uskayaw.
  8558 | D:9      | Noticed a kobold demonologist
  8575 | D:9      | Killed a kobold demonologist
  8699 | D:9      | Reached skill level 11 in Air Magic
  8746 | D:9      | Found Qiaskum's Weapon Boutique.
  8769 | D:9      | Identified the +2 robe of Subjectivity {+Blink rElec rF+
                  | Slay+6}
  8844 | D:9      | Noticed Maurice
  9002 | D:9      | Noticed a two-headed ogre
  9055 | D:9      | Found Lanneshren's Armour Shop.
  9061 | D:9      | Identified 2 scrolls of acquirement
  9061 | D:9      | Acquired a +2 quick blade of venom
  9063 | D:9      | Identified the "Nadoceal" (You acquired it on level 9 of
                  | the Dungeon)
  9063 | D:9      | Acquired 994 gold pieces
  9148 | D:6      | Bought a book of the Spheres for 832 gold pieces
  9155 | D:6      | Learned a level 6 spell: Conjure Ball Lightning
  9402 | D:9      | Found Foceifazics's Jewellery Emporium.
  9422 | D:9      | Reached XP level 10. HP: 20/88 MP: 7/19
  9650 | D:9      | Killed a two-headed ogre
  9651 | D:9      | Reached skill level 5 in Conjurations
  9794 | D:9      | Gained mutation: You are missing an eye, making it more
                  | difficult to aim. [Ru sacrifice]
  9794 | D:9      | Reached ** piety under Ru
  9795 | D:9      | Bought the amulet of the Air {Inacc Air Fly rElec RMsl} for
                  | 488 gold pieces
  9795 | D:9      | Found the amulet of the Air {Inacc Air Fly rElec RMsl}
  9927 | D:9      | Found Sub Bapn's Jewellery Emporium.
 10019 | D:9      | Something stole a +2 dagger of venom
 10022 | D:9      | Killed Maurice
 10221 | D:10     | Entered Level 10 of the Dungeon
 10307 | D:10     | Found a transporter.
 10713 | D:10     | Found a staircase to the Lair.
 10992 | D:10     | Noticed a moth of wrath
 10993 | D:10     | Noticed olddryhag's ghost (journeyman MiFi)
 11046 | D:10     | Noticed a two-headed ogre
 11050 | D:10     | Killed a two-headed ogre
 11253 | D:10     | Reached skill level 12 in Air Magic
 11474 | D:10     | Gained mutation: You are hated by all. [Ru sacrifice]
 11474 | D:10     | Reached *** piety under Ru
 11474 | D:10     | Reached **** piety under Ru
 11593 | D:10     | Identified the +4 rapier of the Decaying God {flame, *Rage
                  | *Slow rC+ Dex+8}
 11623 | D:10     | Found a transporter.
 11870 | D:6      | Killed Maggie
 12284 | D:6      | Found Douw's Book Shoppe.
 12755 | D:14     | Identified the of Pecuq
 12755 | Lair:1   | Entered Level 1 of the Lair of Beasts
 12806 | Lair:1   | Noticed a cane toad
 12811 | Lair:1   | Killed a cane toad
 12812 | Lair:1   | Reached XP level 11. HP: 94/94 MP: 7/20
 13443 | Lair:1   | Reached skill level 10 in Conjurations
 13688 | Lair:1   | Reached skill level 13 in Air Magic
 14034 | Lair:1   | Noticed an oklob plant
 14141 | Lair:1   | Killed an oklob plant
 14379 | Lair:1   | Gained mutation: You cannot train Dodging skill. [Ru
                  | sacrifice]
 14379 | Lair:1   | Reached ***** piety under Ru
 14379 | Lair:1   | Reached ****** piety under Ru
 14612 | Lair:2   | Reached skill level 14 in Air Magic
 15115 | Lair:2   | Reached skill level 15 in Air Magic
 15482 | Lair:2   | Reached XP level 12. HP: 77/101 MP: 5/21
 15590 | Lair:2   | Noticed Gastronok
 15947 | Lair:2   | Noticed a five-headed hydra
 15963 | Lair:2   | Killed a five-headed hydra
 16294 | Lair:2   | Reached skill level 16 in Air Magic
 16982 | Lair:2   | Identified the ring of the Butterfly {Drain rPois Str+6
                  | Dex+6 Stlth+}
 17254 | Lair:2   | Killed Gastronok
 18552 | Lair:3   | Noticed a six-headed hydra
 18556 | Lair:3   | Killed a six-headed hydra
 19281 | Lair:3   | Reached XP level 13. HP: 113/113 MP: 15/25
 19485 | Lair:3   | Reached skill level 10 in Fighting
 19494 | Lair:3   | Reached skill level 1 in Polearms
 20099 | Lair:3   | Found a hole to the Spider Nest.
 20415 | Lair:3   | Found a staircase to the Swamp.
 20669 | Lair:4   | Reached skill level 5 in Polearms
 20986 | Lair:4   | Found a dark tunnel.
 20995 | Volcano  | Entered a volcano
 21536 | Volcano  | Found a radiant altar of Vehumet.
 21542 | Volcano  | Reached skill level 17 in Air Magic
 21558 | Volcano  | HP: 4/109 [salamander/+2 trident of distortion (4)]
 23122 | Lair:5   | Entered Level 5 of the Lair of Beasts
 23131 | Lair:5   | Reached skill level 18 in Air Magic
 23509 | Lair:5   | Gained mutation: Your large and strong wings let you fly.
                  | [Black Draconian growth]
 23509 | Lair:5   | Reached XP level 14. HP: 102/121 MP: 14/27
 23997 | Lair:5   | Reached skill level 10 in Spellcasting
 23997 | Lair:5   | Reached skill level 1 in Evocations
 24747 | Lair:5   | Reached skill level 5 in Evocations
 25072 | Lair:5   | Found a staircase to the Slime Pits.
 25338 | D:9      | Bought the ring "Unelibba" {Int+6 Slay+4} for 837 gold
                  | pieces
 25599 | Lair:5   | Found a runed translucent door.
 27236 | Lair:5   | Identified the +0 leather armour of Ewkiot Tur {rF++ rN+
                  | Will- Regen+ Int-5}
 28244 | D:6      | Bought a book of Lightning for 468 gold pieces
 29445 | D:12     | Found a frozen archway.
 29450 | D:12     | Reached XP level 15. HP: 95/126 MP: 17/31
 29526 | IceCv    | Entered an ice cave
 29526 | IceCv    | Found the +18 shield of the Gong {Loud rN+ Will+ rCorr
                  | EV-5}
 29628 | IceCv    | Found a transporter.
 29636 | IceCv    | Found a transporter.
 29765 | D:12     | Noticed Kirke
 29838 | D:12     | Killed Kirke
 29852 | D:12     | Noticed Frances
 29883 | D:12     | Killed Frances
 31328 | D:12     | Found a staircase to the Orcish Mines.
 31462 | D:13     | Noticed Rupert
 31469 | D:13     | Killed Rupert
 32606 | D:13     | Acquired the +3 pair of gauntlets of War {Slay+5}
 32606 | D:13     | Found the +3 pair of gauntlets of War {Slay+5}
 32792 | D:14     | Reached skill level 1 in Shields
 33493 | D:14     | Reached skill level 5 in Shields
 33600 | Orc:1    | Entered Level 1 of the Orcish Mines
 33963 | Orc:1    | Found Maqifug's General Store.
 34067 | Orc:2    | Entered Level 2 of the Orcish Mines
 35293 | Orc:2    | Found Qaxzurr's General Store.
 35426 | Orc:2    | Found a staircase to the Elven Halls.
 35505 | Orc:2    | Found Sunlupiaj's Magic Scroll Boutique.
 35505 | Orc:2    | Found Zaf Xum's Armour Shoppe.
 35505 | Orc:2    | Found Eqih's Book Emporium.
 35508 | Orc:2    | Found Lunoni's Weapon Shop.
 35926 | D:14     | Noticed Jorgrun
 35929 | D:14     | Killed Jorgrun
 36342 | D:14     | Reached XP level 16. HP: 100/144 MP: 5/32
 37189 | D:14     | Found a gate to the Vaults.
 37945 | D:15     | Entered Level 15 of the Dungeon
 37953 | D:15     | Found a shadowy altar of Dithmenos.
 38313 | Orc:1    | Bought the +6 Majin-Bo {spellvamp, MP+6 Int+6} for 867 gold
                  | pieces
 38313 | Orc:1    | Found the +6 Majin-Bo {spellvamp, MP+6 Int+6}
 38356 | Orc:2    | Bought a +2 cloak of poison resistance for 203 gold pieces
 38369 | Orc:2    | Bought a scroll of teleportation for 42 gold pieces
 38369 | Orc:2    | Bought a scroll of teleportation for 42 gold pieces
 38369 | Orc:2    | Bought a scroll of teleportation for 42 gold pieces
 38369 | Orc:2    | Bought a scroll of teleportation for 42 gold pieces
 38369 | Orc:2    | Bought a scroll of teleportation for 42 gold pieces
 39516 | D:15     | Found a staircase to the Depths.
 39925 | Spider:1 | Entered Level 1 of the Spider Nest
 39927 | Spider:1 | Noticed Roxanne
 39937 | Spider:1 | Learned a level 7 spell: Orb of Destruction
 40440 | Spider:1 | Reached skill level 10 in Polearms
 40959 | Spider:1 | Killed Roxanne
 41288 | Spider:1 | Found a large runed translucent door.
 41288 | Spider:1 | Found a large runed translucent door.
 41290 | Spider:1 | Noticed IdlyInterested's ghost (adept DsFi)
 42392 | Spider:2 | Identified the +10 sling "Hell-Harrower" {heavy, Will+}
 43021 | Spider:3 | Reached XP level 17. HP: 147/154 MP: 15/33
 43336 | Spider:3 | Reached skill level 15 in Fighting
 44636 | Spider:4 | Identified the of Ateam
 44636 | Spider:4 | Entered Level 4 of the Spider Nest
 44800 | Spider:4 | Noticed Asterion
 44915 | Spider:4 | Killed Asterion
 45124 | Spider:4 | Reached skill level 15 in Conjurations
 45287 | Spider:4 | Learned a level 5 spell: Arcjolt
 47399 | Spider:4 | Got a gossamer rune of Zot
 47652 | Swamp:1  | Entered Level 1 of the Swamp
 48037 | Swamp:1  | Reached XP level 18. HP: 166/166 MP: 33/34
 49666 | Swamp:3  | Identified the "Xam Sengaca"
 49666 | Swamp:3  | Found the +5 scythe "Finisher" {speed, execute}
 50739 | Swamp:4  | Entered Level 4 of the Swamp
 50901 | Swamp:4  | Noticed Donald
 50905 | Swamp:4  | Killed Donald
 51304 | Swamp:4  | Noticed Mlioglotl
 51412 | Swamp:3  | Killed Mlioglotl
 51413 | Swamp:3  | Reached skill level 19 in Air Magic
 51519 | Swamp:4  | Noticed the 27-headed Lernaean hydra
 51641 | Swamp:4  | Killed the 27-headed Lernaean hydra
 52437 | Swamp:4  | Reached skill level 20 in Air Magic
 52475 | Swamp:4  | Got a decaying rune of Zot
 53045 | Vaults:1 | Identified the "Namoreh"
 53045 | Desolati | Identified the "Fetzyzuc"
 53045 | Desolati | Identified the of Messog
 53045 | Elf:1    | Identified the "Feoh"
 53045 | Elf:1    | Entered Level 1 of the Elven Halls
 53171 | Elf:1    | Found a radiant altar of Vehumet.
 53646 | Elf:1    | Identified the ring of Nulemp {rPois Str+4}
 53656 | Elf:1    | Noticed R007833r's ghost (adept MiBe)
 54220 | Elf:1    | Found a runed translucent gate.
 54220 | Elf:1    | Found a runed translucent gate.
 54220 | Elf:1    | Found a runed translucent gate.
 54348 | Elf:1    | Found Oreinaf's Antique Armour Shop.
 54715 | Elf:1    | Found Lustros's Jewellery Shoppe.
 54716 | Elf:1    | Found Qojeur's Book Boutique.
 54717 | Elf:1    | Found Plog's Jewellery Shoppe.
 54863 | Elf:1    | Found Koskahe's Antique Armour Shoppe.
 55004 | Elf:2    | Identified the "Muficyolu"
 55319 | Elf:2    | Reached XP level 19. HP: 173/177 MP: 10/35
 55631 | Elf:2    | Identified the +4 quarterstaff of Rymeduhary {freeze, rElec
                  | rPois}
 56203 | Elf:2    | Found Dakosoca's Distillery.
 56208 | Elf:2    | Bought a potion of curing for 60 gold pieces
 56208 | Elf:2    | Bought a potion of heal wounds for 100 gold pieces
 56208 | Elf:2    | Bought a potion of haste for 200 gold pieces
 56511 | Elf:2    | Found a runed translucent gate.
 56512 | Elf:2    | Found a runed translucent gate.
 56512 | Elf:2    | Found a runed translucent gate.
 56671 | Elf:3    | Identified the "Xineilul"
 56671 | Elf:3    | Identified the "Cugrebb"
 56671 | Elf:3    | Entered Level 3 of the Elven Halls
 57383 | Elf:3    | Reached skill level 10 in Shields
 57678 | Elf:3    | Identified the +8 scimitar "Ubirel" {spect, Drain Dex+4}
 57683 | Elf:3    | Identified the ring of Efroath {Ice Dex+3}
 57831 | Elf:3    | Reached skill level 21 in Air Magic
 57931 | Elf:3    | Identified the ring of Uqonn {+Blink AC+4}
 57981 | Elf:3    | Identified the ring of Xom's Wantonness {rF+ EV+5 Dex+7}
 58396 | Elf:3    | Identified the +2 robe of Spite {Rampage rElec Str-4
                  | Stlth+}
 58396 | Elf:3    | Identified the amulet "Housifog" {Spirit rElec rPois Will-
                  | Dex-2}
 58437 | Elf:3    | Identified the ring "Wikhegem" {Fire *Corrode Str-4 Int+4
                  | Dex+3}
 58562 | Elf:3    | Identified the +8 war axe of Hetapebb {antimagic, Str+3}
 59001 | Elf:3    | Reached skill level 22 in Air Magic
 59644 | Elf:3    | Identified the +3 spear of Hisyl {flame, rC+ Str+2}
 59947 | Vaults:1 | Entered Level 1 of the Vaults
 60032 | Vaults:1 | Found a runed translucent door.
 60032 | Vaults:1 | Found a shimmering altar of Xom.
 60032 | Vaults:1 | Noticed Asumeq's ghost (veteran GrFi)
 60032 | Vaults:1 | Identified the +5 triple sword "Bient" {chaos, rF+ rC+}
 60427 | Vaults:1 | Reached XP level 20. HP: 156/187 MP: 30/36
 61137 | D:9      | Bought a ring of wizardry for 390 gold pieces
 62376 | Vaults:1 | Identified the +1 plate armour "Iguc" {Will+ Stlth+}
 62418 | Vaults:1 | Gained mutation: You possess an exceptional clarity of
                  | mind. [potion of mutation]
 62418 | Vaults:1 | Gained mutation: Your spells are a little harder to cast,
                  | but a little more powerful. [potion of mutation]
 62418 | Vaults:1 | Gained mutation: Your mind is acute. (Int +4, Str/Dex -1)
                  | [potion of mutation]
 62430 | Vaults:2 | Reached skill level 23 in Air Magic
 62530 | Vaults:2 | Noticed Xtahua
 62534 | Vaults:2 | Killed Xtahua
 62630 | Vaults:2 | Found a crumbling gateway.
 62777 | Desolati | Entered the Desolation of Salt
 63100 | Desolati | Found the +5 robe of Night {Dark Will+ SInv}
 63118 | Desolati | Identified the ring "Fotynuo" {rElec rC+ Will+ MP-9 SInv}
 63249 | Desolati | Reached skill level 24 in Air Magic
 64041 | Desolati | Identified the +6 orcbow "Raocwi" {drain, rPois rF+ rC+}
 64042 | Desolati | Identified the ring "Roucw" {+Blink rF+ Will+ Str+2 Slay+3}
 64569 | Desolati | Learned a level 9 spell: Chain Lightning
 64593 | Desolati | Identified the +8 quarterstaff of the Sea {flame, rF+ rC+}
 64614 | Desolati | Identified the ring of Zompac {*Slow +Blink rN+++ Dex+6
                  | Stlth+}
 66153 | Vaults:3 | Reached XP level 21. HP: 194/194 MP: 31/37
 66423 | Vaults:3 | Reached skill level 25 in Air Magic
 67223 | Vaults:3 | Gained mutation: You do not regenerate when monsters are
                  | visible. [a shining eye]
 67394 | Vaults:3 | Identified the staff "Irepowoj" {rElec rN+ Will- Dex+5
                  | Earth}
 67839 | Vaults:3 | Found a staircase to the Crypt.
 69115 | Vaults:4 | Reached skill level 26 in Air Magic
 69829 | Vaults:4 | Found Qynaij's Distillery.
 69834 | Vaults:4 | Noticed Sojobo
 69838 | Vaults:4 | Killed Sojobo
 69865 | Vaults:4 | Bought a potion of heal wounds for 105 gold pieces
 69865 | Vaults:4 | Bought a potion of curing for 63 gold pieces
 70552 | Depths:1 | Entered Level 1 of the Depths
 70803 | Depths:1 | Noticed Quunad Xielu's ghost (adept MiFi)
 70804 | Depths:1 | Found a transporter.
 71184 | Depths:1 | Found a transporter.
 71391 | Depths:1 | Found Duatel's Assorted Antiques.
 71397 | Depths:1 | Bought a twitching steel ring for 110 gold pieces
 71397 | Depths:1 | Identified the ring of Xodghy Kits {rPois rC+} (You bought
                  | it in a shop on level 1 of the Depths)
 71414 | Depths:1 | Found a glowing silver altar of Zin.
 71734 | Depths:1 | Found a gateway to Hell.
 71949 | Depths:1 | Identified the +5 chain mail of Utuamemisk {-Cast rC+
                  | Dex+4}
 72003 | Depths:1 | Found a one-way gate to the infinite horrors of the Abyss.
 72052 | Depths:2 | Found a one-way gate leading to the halls of Pandemonium.
 72135 | Depths:2 | Found a one-way gateway to a ziggurat.
 72172 | Depths:2 | Reached XP level 22. HP: 180/202 MP: 26/38
 72477 | Crypt:1  | Entered Level 1 of the Crypt
 76017 | Crypt:3  | Entered Level 3 of the Crypt
 77540 | Crypt:3  | Found an ancient bone altar of Kikubaaqudgha.
 77543 | Crypt:3  | Reached skill level 27 in Air Magic
 79332 | Crypt:3  | Found a staircase to the Tomb.
 79467 | Crypt:3  | Identified the ring of Cyruu {rElec rPois rN+ Will- Str+3}
 79467 | Crypt:3  | Identified the ring "Fesink" {Contam +Blink rF+ rN+ Str+4}
 80308 | Depths:2 | Reached XP level 23. HP: 202/209 MP: 41/41
 80839 | Depths:2 | Noticed a juggernaut
 80844 | Depths:2 | Killed a juggernaut
 81013 | Depths:2 | Found an iron altar of Okawaru.
 83511 | Depths:3 | Identified the ring "Fopnaf" {rC+ Dex+2}
 84143 | Depths:3 | Reached skill level 15 in Shields
 84156 | Depths:3 | Noticed the Enchantress
 84165 | Depths:3 | Killed the Enchantress
 84938 | Depths:3 | Identified the +2 arbalest "Pendulum" {drain, rN+++ Int+5
                  | Dex-5 Stlth+}
 85478 | Depths:4 | Entered Level 4 of the Depths
 85935 | Depths:4 | Noticed Saint Roka
 86347 | Depths:4 | Killed Saint Roka
 86958 | Depths:4 | Reached XP level 24. HP: 216/216 MP: 30/41
 87768 | Depths:4 | Found a gate to the Realm of Zot.
 88598 | Vaults:5 | Entered Level 5 of the Vaults
 88916 | Vaults:5 | Noticed a dread lich
 88919 | Vaults:5 | Noticed a dread lich
 89069 | Vaults:5 | Identified the +8 trident of the Morning {venom, rCorr
                  | Int+4 Stlth-}
 89071 | Vaults:5 | Killed a dread lich
 89071 | Vaults:5 | Killed a dread lich
 90252 | Vaults:5 | Found the ring of the Hare {EV+10}
 90362 | Vaults:5 | Identified the staff "Loyp" {rC+ Str+3 Ice}
 90383 | Vaults:5 | Identified the +0 leather armour of Caicwin {Dex+3}
 90478 | Vaults:5 | Got a silver rune of Zot
 90735 | Vaults:5 | Identified the staff "Sihoram" {Int+3 Conj}
 91249 | Zot:1    | Entered Level 1 of the Realm of Zot
 91249 | Zot:1    | Found a huge runed gate.
 91249 | Zot:1    | Found a huge runed gate.
 91249 | Zot:1    | Found a huge runed gate.
 91249 | Zot:1    | Found a huge runed gate.
 91249 | Zot:1    | Found a huge runed gate.
 91249 | Zot:1    | Found a huge runed gate.
 91249 | Zot:1    | Found a huge runed gate.
 91249 | Zot:1    | Found a huge runed gate.
 91249 | Zot:1    | Found a huge runed gate.
 91249 | Zot:1    | Found a huge runed gate.
 91252 | Zot:1    | Found a huge runed gate.
 91252 | Zot:1    | Found a huge runed gate.
 91252 | Zot:1    | Found a huge runed gate.
 91252 | Zot:1    | Found a huge runed gate.
 91252 | Zot:1    | Found a huge runed gate.
 91252 | Zot:1    | Found a huge runed gate.
 91252 | Zot:1    | Found a huge runed gate.
 91252 | Zot:1    | Found a huge runed gate.
 91835 | Depths:4 | Reached XP level 25. HP: 208/227 MP: 8/41
 92800 | Zot:1    | Reached skill level 15 in Spellcasting
 92869 | Zot:1    | Identified the +3 leather armour "Souh" {Contam Fly rF+}
 92876 | Zot:1    | Identified the ring "Rociuthry" {Ice Dex+2}
 92876 | Zot:1    | Noticed Josephina
 92878 | Zot:1    | Killed Josephina
 96651 | Zot:3    | Noticed a Killer Klown
 96933 | Zot:3    | Killed a Killer Klown
 97775 | Zot:3    | Found the +4 dragonskin cloak
 97775 | Zot:3    | Noticed Tiamat
 97934 | Zot:3    | Killed Tiamat
 98579 | Zot:4    | Reached XP level 26. HP: 239/239 MP: 16/45
 98810 | Zot:4    | Noticed an orb of fire
 98915 | Zot:4    | Gained mutation: Your body sometimes deteriorates upon
                  | taking damage. [an orb of fire]
 98918 | Zot:4    | Gained mutation: You are frail. (-10% HP) [an orb of fire]
 98920 | Zot:4    | Killed an orb of fire
 98987 | Zot:3    | Lost mutation: You do not regenerate when monsters are
                  | visible. [potion of mutation]
 98987 | Zot:3    | Lost mutation: Your spells are a little harder to cast, but
                  | a little more powerful. [potion of mutation]
 98987 | Zot:3    | Gained mutation: A frigid envelope surrounds you and
                  | freezes all who hurt you. [potion of mutation]
 98987 | Zot:3    | Gained mutation: Your flesh is cold resistant. (rC+)
                  | [potion of mutation]
 98988 | Zot:3    | Lost mutation: You possess an exceptional clarity of mind.
                  | [potion of mutation]
 98988 | Zot:3    | Lost mutation: A frigid envelope surrounds you and freezes
                  | all who hurt you. [potion of mutation]
 98988 | Zot:3    | Lost mutation: Your mind is acute. (Int +4, Str/Dex -1)
                  | [potion of mutation]
 98988 | Zot:3    | Gained mutation: You have very sharp teeth. [potion of
                  | mutation]
 98988 | Zot:3    | Gained mutation: You have sharp toenails. [potion of
                  | mutation]
 98988 | Zot:3    | Gained mutation: You are clumsy. (Dex -2) [potion of
                  | mutation]
 98989 | Zot:3    | Lost mutation: You are frail. (-10% HP) [potion of
                  | mutation]
 98989 | Zot:3    | Lost mutation: You have sharp toenails. [potion of
                  | mutation]
 98989 | Zot:3    | Lost mutation: Your flesh is cold resistant. (rC+) [potion
                  | of mutation]
 98989 | Zot:3    | Gained mutation: Your mind is acute. (Int +4, Str/Dex -1)
                  | [potion of mutation]
 98989 | Zot:3    | Gained mutation: Your muscles are strong. (Str +4, Int/Dex
                  | -1) [potion of mutation]
 99443 | Zot:5    | Identified the "Aqeralodd"
 99443 | Zot:5    | Identified the of Biass
 99443 | Zot:5    | Entered Level 5 of the Realm of Zot
 99564 | Zot:5    | Found a runed translucent gate.
 99567 | Zot:5    | Found a runed translucent gate.
 99568 | Zot:5    | Found a runed translucent gate.
 99568 | Zot:5    | Noticed jejorda2's ghost (legendary GnBe)
100125 | Zot:5    | Noticed an orb of fire
100130 | Zot:5    | Killed an orb of fire
100141 | Zot:5    | Noticed a dread lich
100149 | Zot:5    | Killed a dread lich
100585 | Zot:5    | Noticed an orb of fire
100590 | Zot:5    | Killed an orb of fire
100862 | Zot:5    | Noticed a dread lich
100867 | Zot:5    | Killed a dread lich
100966 | Zot:5    | Noticed a dread lich
100970 | Zot:5    | Killed a dread lich
101001 | Zot:5    | Noticed an ancient lich
101006 | Zot:5    | Killed an ancient lich
101064 | Zot:5    | Noticed a dread lich
101069 | Zot:5    | Killed a dread lich
101291 | Zot:5    | Learned a level 1 spell: Apportation
101399 | Zot:5    | Got the Orb of Zot
101814 | D:6      | Noticed Odihod the pandemonium lord
101929 | D:$      | Escaped with the Orb!

Illustrated notes

Levels and vault maps discovered:
D:1:      dpeg_arrival_shrine, layout_basic, dreamdust_wishing_well
D:2:      layout_basic
D:3:      layout_rooms
D:4:      layout_rooms
D:5:      layout_gridville, nicolae_ru_awakened_eye,
          gammafunk_temple_overflow_wave, nicolae_zen_rock_garden
D:6:      layout_loops_corners, serial_shops, nicolae_shop_mannequins,
          uniq_maggie, uniq_duvessa
D:7:      layout_loops_ring, fedhas_altar_4, minmay_temple_entry_stoned_glass,
          serial_shops, nicolae_shop_gibbet_a_chance
D:8:      layout_rooms, nicolae_overflow_two_pavilions,
          nicolae_uskayaw_dance_studio, lemuel_doored_altar,
          chequers_serial_rivers_room_b, dreamdust_princess_corridor,
          roderic_roman_lattice
D:9:      layout_basic, serial_shops, nicolae_stop_n_shop_1,
          nicolae_shop_scrapyard, shop, nicolae_shop_hallway_plus, uniq_maurice
D:10:     layout_irregular_city, david_lair_shrubbed,
          gammafunk_ghost_berserking_beasts, kennysheep_generic_room_7
D:11:     layout_irregular_city, serial_glass, glass_columns_a, glass_columns_a,
          glass_columns_c
D:12:     layout_stronghold, david_orc_4, serial_bayou, serial_bayou_lagoon_b,
          serial_bayou_shore_a, serial_bayou_ford_a, serial_bayou_crossing,
          portal_ice_cave_entry_ice_simulacra, st_stairs_12, uniq_kirke,
          uniq_frances
D:13:     layout_loops_ring, kennysheep_cross_room, uniq_rupert
D:14:     cheibrodos_hippocracy, layout_cave_pools, grunt_vaults_entry_tiered,
          roderic_serpentine_path, uniq_jorgrun
D:15:     grunt_enter_depths_magical_seal, layout_loops_corners,
          nicolae_dithmenos_shadow_blocks
Lair:1:   layout_regular_city, infiniplex_staircase_pool, lemuel_fruit_tree
Lair:2:   layout_cave_pods, uniq_gastronok
Lair:3:   layout_cave_pods, palyth_hydra_swamp_entry,
          spider_nest_entry_funnel_web, special_room [special_room_bee],
          st_stairs_5
Lair:4:   layout_cave_shapes, enter_volcano_1, grunt_megastairs_5,
          serial_bayou_shore_b
Lair:5:   hangedman_lair_caniforms_friends, layout_regular_city, wormcave,
          slime_entry_1
Swamp:1:  layout_basic_swamp, evilmike_swamp_ruin_rubble_1,
          infiniplex_staircase_pool_2
Swamp:2:  layout_basic_swamp, evilmike_swamp_ruin_house_4
Swamp:3:  layout_basic_swamp, evilmike_swamp_ruin_house_3
Swamp:4:  swamp_old_school, layout_basic_swamp, uniq_mlioglotl, uniq_donald
Spider:1: layout_spider_delve, ebering_ghost_disaster_area, uniq_roxanne
Spider:2: layout_cave_pods
Spider:3: layout_spider_delve, hangedman_spider_tarantella_strand
Spider:4: floodkiller_spider_rune_tomb, special_room, hellmonk_narrow_tunnel,
          uniq_asterion
Orc:1:    layout_diamond_mine, serial_shops, shop, nicolae_orc_stony_grotto,
          mines2_lemuel
Orc:2:    st_orc_rangers, layout_caves, serial_shops, nicolae_shop_stone
Elf:1:    eino_elf_arrival_altar, layout_geoelf_grid, serial_shops, shop,
          nicolae_shop_real_fake_doors, gammafunk_ghost_split,
          minmay_elf_sorcery, hangedman_elf_targeted_burst, minmay_shop_grove
Elf:2:    nicolae_elf_blades_crystal_corner, layout_gridlike, serial_shops,
          nicolae_shop_behind_doors, serial_co_window_serial,
          co_window_corner_a, co_window_of_opportunity_a, co_window_paths_b,
          co_window_paths_a, co_window_paths_a, co_window_paths_b,
          co_window_corner_a, co_window_corner_a, co_window_paths_b,
          co_window_broadway_a, co_window_corner_b, glass_columns_b,
          item_on_display_a
Elf:3:    nooodl_elf_gasket, layout_onion_city
Vaults:1: ebering_ghost_xom, nicolae_vaults_big_angled_halls,
          nicolae_vaults_trapezoid_lopsided_3, st_lattice, v_misc_5,
          nicolae_vaults_lightning_bolt, nicolae_vaults_heist,
          nicolae_vaults_little_squares_3, vaults_room_large_hall,
          dpeg_vaults_monster_box, nicolae_vaults_more_shelving_1,
          layout_vaults_omnigrid
Vaults:2: portal_desolation_entry_twin_temple, v_misc_22,
          nicolae_vaults_trapezoid_layered, nicolae_vaults_sightless_eye,
          nicolae_vaults_tetromino_T_1, vaults_room_pools, vaults_room_corners,
          vaults_mumra_hex, nicolae_vaults_security_offices_3,
          layout_vaults_omnicross, uniq_xtahua
Vaults:3: vaults_room_door_hall, ontoclasm_vaults_shuriken,
          minmay_crypt_entry_simple_walls, v_misc_1, vaults_mumra_lcd,
          nicolae_vaults_twisting_passages, nicolae_vaults_wine_cellar,
          st_quartered_hall, v_misc_12, nicolae_vaults_trapezoid_3,
          layout_vaults_big_room
Vaults:4: v_rooms_4, vaults_room_large_hall, nicolae_vaults_two_Ls,
          nicolae_vaults_ring_of_whatevers, nicolae_vaults_shrinking_rooms_2,
          nicolae_vaults_little_squares_4, v_misc_8,
          nicolae_vaults_an_arrangement, nicolae_vaults_closet_pinwheel_5,
          hangedman_vaults_nails, nicolae_vaults_six-pack,
          nicolae_vaults_six-pack, nicolae_vaults_shelves_hall,
          nicolae_vaults_asterisk, serial_ice_g, layout_vaults_ring,
          serial_shops, shop, uniq_sojobo
Vaults:5: serial_shops
Crypt:1:  layout_misc_corridors, grunt_crypt_arrival_webbed
Crypt:2:  dreamdust_cat_pyramid, layout_gridlike
Crypt:3:  grunt_crypt_end_deaths_head
Depths:1: layout_roguey, grunt_hell_entry_dis_mu, gammafunk_ghost_arena,
          serial_shops, shop, wad_floor_pattern_untrapped, abyss_entry_crystal,
          skrybe_limestone_x, st_stairs_3, hangedman_decor_clover_reticule,
          zin_statuary
Depths:2: minmay_the_grid_triangle_9x9_rhombus_full
          [minmay_the_grid_triangle_9x9_intruding_spiral,
          minmay_the_grid_triangle_9x9_corruption,
          minmay_the_grid_triangle_9x9_limited_checkers,
          minmay_the_grid_triangle_9x9_skeleton,
          minmay_the_grid_triangle_9x9_cache,
          minmay_the_grid_triangle_9x9_odd_lines,
          minmay_the_grid_triangle_9x9_checkered,
          minmay_the_grid_triangle_9x9_prize_schism], layout_basic,
          enter_ziggurat_f, hell_entry, pan_entry, okawaru_trees_2
Depths:3: nicolae_terramorphic_expanse [nicolae_terramorphic_quarter,
          nicolae_terramorphic_quarter, nicolae_terramorphic_quarter,
          nicolae_terramorphic_quarter, nicolae_terramorphic_quarter,
          nicolae_terramorphic_biome, nicolae_terramorphic_biome,
          nicolae_terramorphic_biome, nicolae_terramorphic_biome], layout_basic,
          hangedman_decor_lopped, hell_entry, minmay_room_of_horrors,
          infiniplex_staircase_trident, uniq_enchantress
Depths:4: grunt_zot_entry_gee_three, layout_cave_shapes, minivault_14,
          hell_entry, abyss_entry_small_statue_room, uniq_saint_roka
Zot:1:    layout_misc_corridors, not_door_vault_mu, regret_index_zotdec_banners,
          uniq_josephina
Zot:2:    layout_gridlike, regret_index_zotdec_plus, grunt_megastairs_2
Zot:3:    layout_misc_corridors, regret_index_zotdec_twisting_globes,
          grunt_megastairs_1, uniq_tiamat
Zot:4:    layout_onion_interference, regret_index_zotdec_dark_gr
Zot:5:    layout_twisted_circle, gammafunk_ghost_split, st_stairs_6

Skill      XL: |  1  2  3  4  5  6  7  8  9 10 11 12 13 14 15 16 17 18 19 20 21 22 23 24 25 26 |
---------------+-------------------------------------------------------------------------------+-----
Spellcasting   | 3 4 6 8 9 12 14 18 19 | 19.7
Conjurations   | 2 8 10 12 14 16 18 19 21 22 23 26 | 26.0
Air Magic      | 5 8 9 10 11 12 15 16 18 20 22 24 26 27 | 27.0
Fighting       | 4 7 8 9 10 13 14 16 17 18 19 20 23 | 23.1
Long Blades    | 4 |  4.0
Dodging        | 3 0 |  0.0
Polearms       | 6 8 12 | 12.0
Evocations     | 6 7 9 |  9.0
Shields        | 7 10 15 | 15.0
Stealth        | |  1.7

Action                     |  1- 3 |  4- 6 |  7- 9 | 10-12 | 13-15 | 16-18 | 19-21 | 22-24 | 25-27 || total
---------------------------+-------+-------+-------+-------+-------+-------+-------+-------+-------++-------
  Melee: Unarmed           |     9 |     5 |       |       |       |       |       |       |       ||    14
         Punch             |     1 |       |     2 |     4 |       |       |       |       |       ||     7
         Tailslap          |       |     7 |    18 |    26 |    11 |    20 |    19 |    62 |    25 ||   188
         Dagger            |       |    27 |       |       |       |       |       |       |       ||    27
         Long sword        |       |     2 |   129 |       |       |       |       |       |       ||   131
         Quick blade       |       |       |    11 |   163 |       |       |       |       |       ||   174
         Lance             |       |       |       |   117 |   276 |   124 |    90 |   353 |   198 ||  1158
         Bo                |       |       |       |       |       |    21 |    31 |    29 |       ||    81
         Bite              |       |       |       |       |       |       |       |       |    15 ||    15
   Cast: Shock             |    67 |    58 |    55 |     3 |     2 |       |       |       |       ||   185
         Static Discharge  |     1 |     8 |    62 |       |     2 |       |       |       |       ||    73
         Airstrike         |       |     1 |    22 |    88 |    97 |    53 |    77 |    24 |     2 ||   364
         Swiftness         |       |       |     1 |       |       |       |       |       |       ||     1
         Conjure Ball Ligh |       |       |       |    72 |   228 |   338 |   270 |   134 |     4 ||  1046
         Orb of Destructio |       |       |       |       |       |    11 |    22 |     6 |     1 ||    40
         Arcjolt           |       |       |       |       |       |       |       |    14 |       ||    14
         Chain Lightning   |       |       |       |       |       |       |       |   175 |   186 ||   361
         Apportation       |       |       |       |       |       |       |       |       |     1 ||     1
 Invoke: Sacrifice Courage |       |       |     1 |       |       |       |       |       |       ||     1
         Power Leap        |       |       |       |     1 |     1 |     1 |       |       |       ||     3
         Sacrifice Love    |       |       |       |     1 |       |       |       |       |       ||     1
         Sacrifice an Eye  |       |       |       |     1 |       |       |       |       |       ||     1
         Sacrifice Nimblen |       |       |       |     1 |       |       |       |       |       ||     1
         Draw Out Power    |       |       |       |     1 |     4 |       |     1 |     1 |     1 ||     8
         Apocalypse        |       |       |       |       |     2 |     1 |       |       |     2 ||     5
Ability: Breathe Lightning |       |       |     8 |     3 |       |       |     1 |       |       ||    12
  Evoke: Wand              |       |       |     3 |     1 |     8 |       |     2 |       |       ||    14
    Use: Scroll            |       |     6 |     7 |     4 |     8 |    13 |     2 |     2 |     3 ||    45
         Potion            |       |       |       |       |     1 |       |     2 |     4 |     7 ||    14
   Stab: Sleeping          |       |     1 |     1 |     1 |     3 |       |       |       |       ||     6
         Distracted        |       |       |       |     2 |     2 |     1 |     2 |     2 |     1 ||    10
         Invisible         |       |       |       |       |       |       |       |     3 |     5 ||     8
 Armour: Skin              |    17 |    50 |   246 |   191 |   514 |   666 |   499 |   482 |   346 ||  3011
  Dodge: Dodged            |    21 |    26 |   141 |   115 |   148 |    17 |    18 |    30 |    21 ||   537
         Repelled          |       |       |       |       |     3 |     2 |     7 |     1 |     6 ||    19
  Block: Buckler           |       |       |       |       |    17 |       |       |       |       ||    17
         Kite shield       |       |       |       |       |    85 |   255 |   145 |   365 |   145 ||   995

Table legend: (Time is in decaauts)
 A = Elapsed time spent in this place.
 B = Non-inter-level travel time spent in this place.
 C = Inter-level travel time spent in this place.
 D = Time resting spent in this place.
 E = Time spent auto-exploring this place.
 F = Levels seen in this place.
 G = Mean time per level.
                   A        B        C        D        E       F      G
               +--------+--------+--------+--------+--------+-----+--------+
         Total | 101887 |  94934 |   6953 |  49210 |  30376 |  53 | 1922.4 |
       Dungeon |  23237 |  20295 |   2942 |   8333 |   8973 |  15 | 1549.1 |
          Lair |  14940 |  14101 |    839 |   7845 |   4315 |   5 | 2988.0 |
         Swamp |   4837 |   4651 |    186 |   2491 |   1528 |   4 | 1209.2 |
   Spider Nest |   7013 |   6713 |    300 |   3508 |   2089 |   4 | 1753.2 |
  Orcish Mines |   2676 |   2321 |    355 |   1137 |    864 |   2 | 1338.0 |
   Elven Halls |   6546 |   6292 |    254 |   2922 |   2158 |   3 | 2182.0 |
        Vaults |  11735 |  10647 |   1088 |   5309 |   3819 |   5 | 2347.0 |
         Crypt |   6735 |   6531 |    204 |   3693 |   1400 |   3 | 2245.0 |
        Depths |  11248 |  10736 |    512 |   6381 |   2899 |   4 | 2812.0 |
           Zot |   9006 |   8738 |    268 |   5136 |   1684 |   5 | 1801.2 |
      Ice Cave |    222 |    222 |      0 |    148 |      0 |   1 |  222.0 |
       Volcano |   1555 |   1555 |      0 |   1056 |    238 |   1 | 1555.0 |
    Desolation |   2132 |   2132 |      0 |   1248 |    409 |   1 | 2132.0 |
               +--------+--------+--------+--------+--------+-----+--------+

Top non-repeatable levels by time:
Depths:3: 3743 daAuts
  Lair:3: 3706 daAuts
  Lair:2: 3635 daAuts
Vaults:4: 3344 daAuts
Depths:4: 3320 daAuts
  Lair:5: 3278 daAuts
 Crypt:3: 3243 daAuts
Vaults:3: 3028 daAuts
    D:13: 2723 daAuts
   Zot:2: 2628 daAuts
   Zot:3: 2549 daAuts
     D:6: 2452 daAuts
    D:12: 2380 daAuts
   Elf:2: 2378 daAuts
Vaults:1: 2280 daAuts
